 Dungeon Crawl Stone Soup version 0.28.0 (webtiles) character file.

Game seed: 678333694807177182

76 RighteousDevil the Cudgeller (level 4, -2/52 HPs)
             Began as a Demonspawn Cinder Acolyte on Feb 5, 2022.
             Was a High Priest of Ignis.
             Slain by an orc (6 damage)
             ... on level 3 of the Dungeon.
             The game lasted 00:04:03 (2653 turns).

RighteousDevil the Cudgeller (DsCA)                 Turns: 2653, Time: 00:04:04

Health: -2/52      AC: 22    Str: 17    XL:     4   Next: 12%
Magic:  0/5        EV:  2    Int: 15    God:    Ignis [*****.]
Gold:   54         SH:  0    Dex:  8    Spells: 5/5 levels left

rFire   + . .      SeeInvis .   a - -1 mace (flame)
rCold   . . .      Faith    .   (no shield)
rNeg    . . .      Spirit   +   (armour currently unavailable)
rPois   +          Reflect  .   (helmet currently unavailable)
rElec   .          Harm     .   (cloak currently unavailable)
rCorr   .          Rampage  .   (gloves currently unavailable)
Will    .....      NoTele   +   (boots currently unavailable)
Stlth   +.........              c - amulet of guardian spirit
HPRegen 0.17/turn               (no ring)
MPRegen 0.18/turn               (no ring)

@: tree-form, hasted, very quick
A: stationary, stasis, torment immunity, boosted hp, foul stench 1, magic
regeneration
a: Renounce Religion, Fiery Armour, Foxfire Swarm, Rising Flame


You were on level 3 of the Dungeon.
You worshipped Ignis.
Ignis was extremely pleased with you.
You were a tree.
You visited 1 branch of the dungeon, and saw 3 of its levels.

You collected 54 gold pieces.

Inventory:

Hand Weapons
 a - a -1 mace of flaming (weapon)
Armour
 b - a +0 robe (melded)
 g - a +1 pair of gloves (melded)
Jewellery
 c - an amulet of guardian spirit (around neck)
Scrolls
 h - a scroll of identify
Potions
 e - a potion of flight


   Skills:
 - Level 3.0 Fighting
 + Level 3.7 Maces & Flails
 - Level 1.0 Spellcasting
 + Level 3.7 Fire Magic


You had 5 spell levels left.
You didn't know any spells.
Your spell library contained the following spells:

 Spells                   Type           Power      Damage    Failure   Level
 Scorch                   Fire           24%        2d6       8%          2


Dungeon Overview and Level Annotations

Branches:
Dungeon (3/15)

Altars:
Gozag

Annotations:
D:3 Grinder


Innate Abilities, Weirdness & Mutations

You are a tree.
Your roots penetrate the ground, keeping you stationary.
You cannot be teleported.
You are immune to unholy pain and torment.
Your maximum health is greatly increased.
Your equipment is partially melded.
You may rarely emit foul miasma when damaged in melee.
You regenerate magic rapidly.


Message History

The orc hits you but does no damage. The orc hits you with a +0 flail.
The frilled lizard unfolds its giant frill.
The frilled lizard bites you but does no damage.
The ball python bites you. The ball python barely misses you.
The orc hits you but does no damage. x2; The frilled lizard bites you.
The ball python bites you. The ball python grabs you.
The ball python constricts you. The orc hits you with a +0 flail!
The frilled lizard bites you but does no damage.
The ball python bites you but does no damage.
The ball python constricts you. The orc hits you but does no damage.
The orc hits you with a +0 flail. The frilled lizard bites you.
* * * LOW HITPOINT WARNING * * *
The orc hits you with a +0 flail!
* * * LOW HITPOINT WARNING * * *
The ball python bites you.
* * * LOW HITPOINT WARNING * * *
You emit a cloud of foul miasma!
The ball python constricts you.
Grinder blinks!
You can move again.
Okay, then.
It was a potion of haste.
You feel yourself speed up. The orc barely misses you.
The orc closely misses you.
The ball python is engulfed in dark miasma.
The ball python is poisoned.
The ball python seems to slow down.
You kill the ball python!
The frilled lizard misses you. The orc closely misses you.
It was a potion of lignification.
You turn into a tree.
Your +1 pair of gloves melds into your body.
Your +0 robe melds into your body.
Your roots penetrate the ground.
The orc hits you with a +0 dagger.
* * * LOW HITPOINT WARNING * * *
The orc hits you but does no damage.
The frilled lizard bites you but does no damage.
The orc hits you but does no damage.
You hit the frilled lizard. You burn the frilled lizard.
You kill the frilled lizard!
The orc hits you with a +0 flail.
You die...

..# .. ..# ...
###### .. ....
.$..# ##.##...# #
#.... .........
#.##.#.###........
#.......##)☼......
#..#.....)♣oh.5..#
#..#.#..##oo.#...#
#............# #
##...#.###..##
#.....# #..#
####....#######
#>.....##.....#
#.##.#.##.._..#
#.##.#.##.....#


You could see Grinder, 3 orcs and a jackal.

Vanquished Creatures
  An adder (D:3)
  2 worms (D:2)
  2 dart slugs (D:1)
  An orc (D:3)
  3 endoplasms
  5 giant cockroaches
  5 goblins
  2 hobgoblins (D:1)
  10 jackals
  4 kobolds
  2 quokkas (D:1)
  4 ball pythons
  6 bats
  3 frilled lizards
50 creatures vanquished.

Vanquished Creatures (others)
  7 foxfires (D:1)
7 creatures vanquished.

Grand Total: 57 creatures vanquished

Notes
Turn   | Place    | Note
-------+----------+-------------------------------------------
     0 | D:1      | RighteousDevil the Demonspawn Cinder Acolyte began the
                  | quest for the Orb.
     0 | D:1      | Reached XP level 1. HP: 18/18 MP: 2/2
   142 | D:1      | Gained mutation: You may rarely emit foul miasma when
                  | damaged in melee. [demonic ancestry]
   142 | D:1      | Reached XP level 2. HP: 19/24 MP: 1/3
   564 | D:1      | Gained mutation: You regenerate magic rapidly. [demonic
                  | ancestry]
   564 | D:1      | Reached XP level 3. HP: 3/29 MP: 2/4
  1054 | D:1      | Found a faded altar of an unknown god.
  2457 | D:3      | Found an opulent altar of Gozag.
  2464 | D:3      | Reached XP level 4. HP: 21/35 MP: 5/5
  2643 | D:3      | Noticed Grinder
  2645 | D:3      | Paralysed by Grinder for 6 turns
  2653 | D:3      | Slain by an orc

Illustrated notes

Levels and vault maps discovered:
D:1:      lightli_arrival_noodles, layout_basic,
          shapermc_ecumenical_altar_mp_ritualfount,
          chequers_serial_rivers_large_b
D:2:      layout_basic
D:3:      layout_loops_cross, mainiacjoe_overflow_alcove_2, serial_shops,
          nicolae_shop_statue_plus, uniq_grinder

Skill      XL: |  1 |
---------------+----+-----
Maces & Flails | 3 |  3.7
Fire Magic     | 3 |  3.7
Fighting       | |  3.0
Spellcasting   | |  1.0

Action                   |  1- 3 |  4- 6 || total
-------------------------+-------+-------++-------
Melee: Mace              |   143 |     4 ||   147
Invok: Fiery Armour      |     1 |       ||     1
       Foxfire Swarm     |     1 |       ||     1
  Use: Scroll            |     2 |       ||     2
       Potion            |       |     2 ||     2
Armor: Robe              |    59 |     8 ||    67
       Skin              |       |     3 ||     3
Dodge: Dodged            |    90 |     6 ||    96
